Map: Pillars of Gold LE

Players

Joe - Winner!

  • Race: Protoss Protoss
  • League: Silver
  • Spawn Location: 1:00

KingArthur

  • Race: Zerg Zerg
  • League: Gold
  • Spawn Location: 7:00

VOD

Have the link to the VOD?

Description

Time

  • Played on: Sept. 15, 2020, 7:29 p.m.
  • Length: 7:09
Show
View Real Time Build Order
Export as new Build Order

Joe Protoss - Winner!

Build Orders:  

Get SALT Encoding   

  12  0:00  Probe  
  13  0:12  Probe  
  14  0:18  Pylon  
  14  0:24  Probe (Chrono Boost)  
  15  0:36  Probe (Chrono Boost)  
  15  0:40  Gateway  
  16  0:45  Probe (Chrono Boost)  
  16  0:48  Assimilator  
  17  0:50  Probe  
  18  1:04  Forge  
  18  1:07  Probe  
  19  1:15  Pylon  
  19  1:19  Probe  
  20  1:29  Cybernetics Core  
  20  1:40  Photon Cannon  
  20  1:46  Probe  
  21  1:59  Pylon  
  21  2:05  Robotics Facility  
  21  2:17  Photon Cannon  
  21  2:22  Photon Cannon  
  21  2:25  Photon Cannon  
  21  2:39  Photon Cannon  
  21  2:54  Observer (Chrono Boost)  
  21  2:57  Shield Battery  
  22  3:00  Shield Battery  
  22  3:05  Assimilator  
  22  3:06  Observer  
  22  3:13  Immortal (Chrono Boost)  
  25  3:31  Photon Cannon  
  25  3:33  Shield Battery  
  25  3:44  Shield Battery  
  25  3:57  Photon Cannon  
  25  4:02  Warp Prism (Chrono Boost)  
  27  4:17  Pylon  
  27  4:31  Immortal (Chrono Boost)  
  31  4:43  Shield Battery  
  31  5:11  Pylon  
  30  5:25  Forge  
  30  5:38  Immortal (Chrono Boost)  
  30  5:39  Shield Battery  
  34  6:12  Immortal  
  38  6:35  Photon Cannon  
  38  6:45  Pylon  
Show
View Real Time Build Order
Export as new Build Order

KingArthur Zerg 

Build Orders: Hatch First 

Get SALT Encoding   

  12  0:02  Drone  
  13  0:13  Overlord  
  13  0:18  Drone  
  14  0:32  Drone x2  
  16  0:52  Hatchery  
  16  0:55  Drone  
  16  0:59  Drone  
  16  1:02  Drone  
  18  1:05  Extractor  
  17  1:20  Spawning Pool  
  17  1:23  Drone  
  17  1:29  Drone  
  17  1:31  Drone  
  19  2:06  Metabolic Boost  
  19  2:07  Queen x2  
  23  2:08  Zergling x2  
  23  2:09  Zergling x2  
  23  2:12  Zergling x2  
  26  2:17  Overlord  
  26  2:21  Zergling x2  
  27  2:30  Zergling x2  
  27  2:36  Zergling x4  
  30  2:41  Zergling x2  
  31  2:51  Overlord  
  31  2:52  Zergling x4  
  33  2:59  Zergling x2  
  33  3:05  Zergling x2  
  35  3:10  Zergling x2  
  36  3:13  Zergling x2  
  37  3:23  Zergling x12  
  43  3:32  Baneling Nest, Zergling x2  
  42  3:53  Zergling x4  
  44  3:57  Overlord  
  44  4:00  Overlord  
  44  4:13  Overlord  
  44  4:14  Overlord  
  44  4:17  Zergling x4  
  44  4:23  Baneling  
  46  4:24  Baneling x4  
  46  4:25  Baneling  
  31  5:03  Zergling x20  
  31  5:16  Zergling x8  
  30  5:39  Zergling x4  
  22  5:59  Zergling x4  
  20  6:24  Zergling x4  
  18  6:43  Zergling x4  
Tags
 
Add a new tag
Caveats
  • Supply blocks, unpowered buildings, or Contaminate may cause inaccurate times.
  • Supply counts are checked every 10 seconds.